 Dungeon Crawl Stone Soup version 0.29.1-2-gbd0b4ee654 (webtiles) character file.

Game seed: 4964646596556576046

445 LustLizard the Shooter (level 6, -4/32 HPs)
             Began as a Spriggan Hunter on Oct 26, 2022.
             Slain by a large abomination (25 damage)
             ... on level 1 of the Abyss.
             The game lasted 00:04:33 (2873 turns).

LustLizard the Shooter (Spriggan Hunter)            Turns: 2873, Time: 00:04:33

Health: -4/32      AC:  5    Str:  6    XL:     6   Next: 72%
Magic:  7/7        EV: 18    Int:  9    God:
Gold:   111        SH:  0    Dex: 22    Spells: 5/5 levels left

rFire   + . .      SeeInvis +   a - +0 shortbow
rCold   + . .      Faith    .   (shield currently unavailable)
rNeg    + . .      Spirit   .   c - +0 robe
rPois   +          Reflect  .   (helmet restricted)
rElec   .          Harm     .   t - +2 ratskin cloak {*Rats rPois rN+ Str-1 Int-1 Dex+1}
rCorr   .          Rampage  .   (gloves unavailable)
Will    +....                   (boots unavailable)
Stlth   +++.......              (no amulet)
HPRegen 0.10/turn               n - ring of protection from fire
MPRegen 0.10/turn               r - ring of protection from cold

@: very quick
A: very small, no large weapons, unfitting armour, see invisible, speed 3
a: no special abilities


You were on level 1 of the Abyss.
You visited 1 branch of the dungeon, and saw 5 of its levels.
You visited the Abyss 1 time.

You collected 111 gold pieces.

Inventory:

Hand Weapons
 a - a +0 shortbow (weapon)
Missiles
 u - a throwing net
Armour
 c - a +0 robe (worn)
 t - the +2 ratskin cloak (worn) {*Rats rPois rN+ Str-1 Int-1 Dex+1}
   (You found it on level 5 of the Dungeon)

   When the wearer is hurt, rats may emerge from it to assist them.
   Str:       It affects your strength (-1).
   Int:       It affects your intelligence (-1).
   Dex:       It affects your dexterity (+1).
   rPois:     It protects you from poison.
   rN:        It protects you from negative energy.
Jewellery
 n - a ring of protection from fire (left hand)
 r - a ring of protection from cold (right hand)
Scrolls
 b - 2 scrolls of immolation
 m - a scroll of torment {unknown}
 o - a scroll of fear
 p - a scroll of identify
 q - a scroll of teleportation {unknown}
Potions
 e - a potion of cancellation
 f - 3 potions of degeneration {unknown}
 g - 2 potions of haste {unknown}
 h - 2 potions of curing {unknown}
 j - a potion of attraction {unknown}
 k - a potion of lignification {unknown}
 l - 2 potions of magic {unknown}
 s - 2 potions of heal wounds {unknown}
 v - a potion of berserk rage {unknown}


   Skills:
 + Level 3.2 Fighting
 * Level 6.4 Ranged Weapons
 - Level 2.6 Dodging
 + Level 5.5 Stealth


You had 5 spell levels left.
You didn't know any spells.
Your spell library contained the following spells:

 Spells                   Type           Power      Damage    Failure   Level
 Beastly Appendage        Tmut           0%         N/A       38%         1
 Wereblood                Tmut           0%         N/A       52%         2
 Spider Form              Tmut/Pois      0%         N/A       77%         3


Dungeon Overview and Level Annotations

Branches:
Dungeon (5/15)
 Temple: D:4-7

Altars:

Shops:
D:1 :

Annotations:
D:4 Dowan, Duvessa


Innate Abilities, Weirdness & Mutations

You are very small and have problems with some larger weapons.
You are too small for most types of armour.
You have supernaturally acute eyesight. (SInv)
You cover ground extremely quickly. (Speed+++)


Message History

Press: ? - help, Q - select action, (/) - cycle Shift-Dir - straight line, f/p - Duvessa
Aim: Duvessa, wielding a +2 short sword of distortion and wearing a +0 leather armour (heavily wounded, fast, 70% to hit)
You shoot an arrow. The arrow barely misses Duvessa.
Duvessa hits you with a +2 short sword of distortion!
A river rat scurries out from under your cloak.
Duvessa hits you with a +2 short sword of distortion!
You are cast into the Abyss!
This branch contains the abyssal rune of Zot.
You can't go up here!
A neqoxec comes into view.
You start resting.
A ynoxinul punctures the fabric of the universe.
You start resting.
A ynoxinul comes into view.
Found a stormy altar of Qazlal.
A large abomination comes into view.
A neqoxec comes into view.
A large abomination comes into view.
A large abomination comes into view.
A shining eye comes into view.
The shining eye turns its gaze towards you.
As you read the scroll labelled FYARUO OSO OPI, it crumbles to dust.
You assume a fearsome visage.
Nothing appears to happen.
It was a scroll of fear.
As you read the scroll labelled GYMAYS NIOF, it crumbles to dust.
It is a scroll of identify.
e - a potion of cancellation
As you read the scroll labelled COVITE ERIOSAU, it crumbles to dust.
The scroll dissolves into smoke.
It was a scroll of fog.
Blink to where?
Press: ? - help, Dir - move target Are you sure you want to cancel this blink? [Y]es or [N]o only, please.
Are you sure you want to cancel this blink?
Blink to where?
Press: ? - help, Dir - move target
As you read the scroll labelled OFEOW MUMIGGAR, it crumbles to dust.
It was a scroll of blinking.
The large abomination hits you!!
Ouch! That really hurt!
You die...

.# #. .#
##X
##..##
#..#.####
#......#
##.#.. #
#@#.# #
#X##.#
#ยงยง###
####


You could see a large abomination.

Vanquished Creatures
  A sky beast (D:5)
  An ogre (D:5)
  A phantom (D:5)
  A scorpion (D:4)
  A jelly (D:4)
  3 gnolls (D:4)
  3 adders
  A white imp (D:5)
  2 worms (D:2)
  3 dart slugs
  2 orcs
  3 bats
  3 endoplasms
  A giant cockroach (D:3)
  2 goblins
  5 hobgoblins
  6 kobolds
  2 quokkas
  3 ball pythons
  6 rats
50 creatures vanquished.

Notes
Turn   | Place    | Note
-------+----------+-------------------------------------------
     0 | D:1      | LustLizard the Spriggan Hunter began the quest for the Orb.
     0 | D:1      | Reached XP level 1. HP: 10/10 MP: 2/2
     8 | D:1      | Found Xogorow's Book Shoppe.
    83 | D:1      | Reached XP level 2. HP: 15/15 MP: 3/3
   577 | D:2      | Reached XP level 3. HP: 14/18 MP: 4/4
   779 | D:2      | Found a faded altar of an unknown god.
  1377 | D:3      | You fall into a shaft and drop 2 floors!
  1377 | D:5      | Entered Level 5 of the Dungeon
  1396 | D:5      | Reached XP level 4. HP: 23/23 MP: 5/5
  1427 | D:5      | Noticed a sky beast
  1452 | D:5      | Killed a sky beast
  1453 | D:5      | Reached skill level 5 in Ranged Weapons
  1453 | D:5      | Reached XP level 5. HP: 27/27 MP: 6/6
  1527 | D:5      | Found the +2 ratskin cloak {*Rats rPois rN+ Str-1 Int-1
                  | Dex+1}
  1567 | D:5      | Noticed an ogre
  1574 | D:5      | Killed an ogre
  1640 | D:5      | Noticed a phantom
  1690 | D:5      | Killed a phantom
  1691 | D:5      | Reached skill level 6 in Ranged Weapons
  1691 | D:5      | Reached skill level 5 in Stealth
  1691 | D:5      | Reached XP level 6. HP: 32/32 MP: 7/7
  2457 | D:3      | Identified the +3 ring mail of Emiecott {+Inv rPois Str+4
                  | Int-4 Dex+2}
  2733 | D:4      | Noticed Duvessa
  2733 | D:4      | Noticed Dowan
  2739 | Abyss:1  | Cast into level 1 of the Abyss (Duvessa)
  2774 | Abyss:1  | Noticed a neqoxec
  2796 | Abyss:1  | Noticed a ynoxinul
  2814 | Abyss:1  | Noticed a ynoxinul
  2816 | Abyss:1  | Found a stormy altar of Qazlal.
  2820 | Abyss:1  | Noticed a large abomination
  2823 | Abyss:1  | Noticed a neqoxec
  2825 | Abyss:1  | Noticed a large abomination
  2838 | Abyss:1  | Noticed a large abomination
  2842 | Abyss:1  | Noticed a shining eye
  2873 | Abyss:1  | Slain by a large abomination

Illustrated notes

Levels and vault maps discovered:
D:1:      pf_arrival_petrified_forest, layout_rooms, serial_shops,
          nicolae_shop_advertising_works [nicolae_subvault_shop_adworks]
D:2:      layout_basic, shapermc_ecumenical_altar_ellora
D:3:      layout_loops_ring, serial_glass, glass_columns_a, glass_columns_a,
          grunt_ministairs_4
D:4:      layout_gridville, grunt_temple_overflow_diamond,
          nicolae_overflow_quartered_altars, uniq_sigmund, uniq_pikel,
          uniq_duvessa
D:5:      layout_basic
Abyss:1:  base: D:3, gammafunk_abyss_exit_x_factor, hangedman_decor_riveting,
          serial_sigils_hangedman_snap

Skill      XL: |  1  2  3  4  5 |
---------------+----------------+-----
Stealth        | 2 3 4 5 |  5.5
Fighting       | 2 3 |  3.2
Ranged Weapons | 5 6 |  6.4
Dodging        | |  2.6

Action                   |  1- 3 |  4- 6 || total
-------------------------+-------+-------++-------
 Fire: Shortbow          |   106 |    66 ||   172
  Use: Scroll            |       |     4 ||     4
Armor: Robe              |     1 |     2 ||     3
Dodge: Dodged            |    31 |    11 ||    42
